AoeStats
← wayd21

Four Lakes

509801485Analyzed
1v1 RM · 4d ago on Sep 28, 2026· 41m 32s· 2 players
Game mode
Random Map
Map size
Tiny (2 player)
Population
200
Speed
Normal
Resources
Standard
Victory
Conquest
Starting age
Dark Age
Ending age
Imperial Age
RankedLock teamsTeams togetherTeam positionsShared explorationLock speedFull tech treeHidden civsTurbo modeCheats
Victory
Defeat
🇨🇴 Japanese · Colombia
962
+15
🇲🇽 Huns · Mexico
947
-15
El Agredle
10:12 Feudal Age
11:57 Fishing Lines
13:44 Double-Bit Axe
22:46 Castle Age
24:18 Fletching
24:53 Gillnets
27:00 Stone Mining
30:29 Horse Collar
31:52 Bow Saw
31:38 Gold Mining
37:51 Imperial Age
38:30 Imperial Age
42:14 Imperial Age
wayd21
0:27 Loom
10:20 Feudal Age
10:52 Double-Bit Axe
11:15 Horse Collar
11:37 Man-at-Arms
15:07 Scale Mail Armor
25:41 Castle Age
24:36 Forging
24:24 Stone Mining
24:58 Gold Mining
27:11 Wheelbarrow
26:26 Long Swordsman
26:55 Pikeman
30:28 Iron Casting
31:34 Chain Mail Armor
32:00 Heavy Plow
32:11 Squires
31:57 Gambesons
33:31 Bow Saw
36:16 Hand Cart
40:30 Imperial Age
41:49 Conscription
Connection lost

Rejoining the realm…

Still unreachable

The connection could not be restored.

Session expired

The server has moved on; the page needs a fresh start.